 Dungeon Crawl Stone Soup version 0.28.0 (console) character file.

Game seed: 7765404323929384424

72 absolutego the Conjurer (level 4, 0/27 HPs)
             Began as a Deep Elf Wanderer on Feb 15, 2022.
             Slain by an adder (3 damage)
             ... on level 2 of the Dungeon.
             The game lasted 00:12:09 (2084 turns).

absolutego the Conjurer (Deep Elf Wanderer)         Turns: 2084, Time: 00:12:10

Health: 0/27       AC:  5    Str:  6 (9)  XL:     4   Next: 6%
Magic:  4/12       EV: 11    Int: 21 (22) God:
Gold:   100        SH:  0    Dex:  9 (11) Spells: 6/11 levels left

rFire   . . .      SeeInvis .   a - +1 dagger (drain)
rCold   . . .      Faith    .   (no shield)
rNeg    . . .      Spirit   .   b - +0 robe
rPois   .          Reflect  .   (no helmet)
rElec   .          Harm     .   (no cloak)
rCorr   .          Rampage  .   (no gloves)
Will    .....                   k - +2 pair of boots
Stlth   +.........              (no amulet)
HPRegen 0.09/turn               (no ring)
MPRegen 0.13/turn               (no ring)

@: lethally poisoned (0 -> -7)
A: no striking features
a: no special abilities


You were on level 2 of the Dungeon.
You visited 1 branch of the dungeon, and saw 3 of its levels.

You collected 100 gold pieces.

Inventory:

Hand Weapons
 a - a +1 dagger of draining (weapon)
 f - a +0 short sword
 p - a +0 dagger
 s - a +1 dagger of venom
Armour
 b - a +0 robe (worn)
 k - a +2 pair of boots (worn)
Scrolls
 c - a scroll of teleportation
 d - a scroll of fog {unknown}
 e - a scroll of vulnerability {unknown}
 g - a scroll of amnesia {unknown}
 m - a scroll of blinking {unknown}
 o - 2 scrolls of identify {unknown}
Potions
 h - a potion of mutation {unknown}
 i - a potion of haste
 j - a potion of degeneration
 l - a potion of cancellation {unknown}
 n - a potion of lignification {unknown}
 q - a potion of ambrosia {unknown}
 r - a potion of might {unknown}


   Skills:
 - Level 2.4 Fighting
 - Level 1.2 Dodging
 + Level 4.3 Spellcasting
 + Level 4.5 Conjurations
 + Level 1.8 Necromancy


You had 6 spell levels left.
You knew the following spells:

 Your Spells              Type           Power      Damage    Failure   Level
a - Animate Skeleton      Necr           24%        N/A       5%          1
c - Conjure Flame         Conj/Fire      14%        6-21      14%         3
z - Shock                 Conj/Air       56%        1d6       4%          1

Your spell library contained the following spells:

 Spells                   Type           Power      Damage    Failure   Level
 Stone Arrow              Conj/Erth      28%        3d8       14%         3
 Vampiric Draining        Necr           12%        2d6       17%         3


Dungeon Overview and Level Annotations

Branches:
Dungeon (3/15)

Altars:

Shops:
D:3 ?

Annotations:
D:3 exclusions: orc wizard and 2 more exclusions


Message History

Press: ? - help, Shift-Dir - straight line The zap misses the adder.
The zap hits the adder.
The adder is heavily wounded.
The adder misses you.
Casting: Shock (safe; 4% risk of failure)
Confirm with . or Enter, or press ? or * to list all spells.
Aiming: Shock (safe; 4% risk of failure)
Press: ? - help, Shift-Dir - straight line The zap misses the adder.
The zap hits the adder.
The adder is severely wounded.
The adder closely misses you.
Casting: Shock (safe; 4% risk of failure)
Confirm with . or Enter, or press ? or * to list all spells.
Aiming: Shock (safe; 4% risk of failure)
Press: ? - help, Shift-Dir - straight line The zap hits the adder.
The adder is almost dead.
The zap hits the orc wizard.
The orc wizard is moderately wounded.
The adder bites you.
You are poisoned.
The adder poisons you! The adder bites you.
* * * LOW HITPOINT WARNING * * *
You are lethally poisoned!
The adder poisons you!
Casting: Shock (safe; 4% risk of failure)
Confirm with . or Enter, or press ? or * to list all spells.
Aiming: Shock (safe; 4% risk of failure)
Press: ? - help, Shift-Dir - straight line The zap misses the adder.
The zap hits the orc wizard.
The orc wizard is severely wounded.
* * * LOW HITPOINT WARNING * * *
You feel very sick. The adder barely misses you.
It was a potion of degeneration.
There was something very wrong with that liquid.
You feel weakened.
You feel dopey.
You feel clumsy.
* * * LOW HITPOINT WARNING * * *
You feel sick. The adder bites you.
You die...

# #.# #.....##.#
######.# #.....##.#
.......######.....##.#
..................##.#
############..###.##.#
# #..# #.##.# #######
#..###.##.# ......##
#..oS.....#
####...#####.###@..####
##...............#....#
#..#...#####.###...##.#
.#.##..## #.# ##.###.#
##.##.#.# #.####.# #.#
##..#.#.# #>.....# #.#
###.#.#.# #.###### #.#
.##.#..## #.# #.#
#.#.#.## #.########.#


You could see an orc wizard and an adder.

Vanquished Creatures
  Terence (D:2)
  A shadow imp (D:3)
  4 orcs (D:3)
  3 ball pythons
  3 endoplasms
  2 giant cockroaches
  2 goblins (D:2)
  A jackal (D:3)
  4 kobolds
  A quokka (D:1)
  3 bats (D:1)
  3 frilled lizards
  5 rats
33 creatures vanquished.

Vanquished Creatures (collateral kills)
  An orc (D:3)
  An endoplasm (D:2)
  A jackal (D:3)
3 creatures vanquished.

Vanquished Creatures (others)
  A withered plant (D:1)
1 creature vanquished.

Grand Total: 37 creatures vanquished

Notes
Turn   | Place    | Note
-------+----------+-------------------------------------------
     0 | D:1      | absolutego the Deep Elf Wanderer began the quest for the
                  | Orb.
     0 | D:1      | absolutego set off with the following items: a +0 dagger, a
                  | +0 robe, a scroll of teleportation; and the following
                  | spells available to memorise: Shock, Animate Skeleton,
                  | Conjure Flame, Stone Arrow, Vampiric Draining
     0 | D:1      | Reached XP level 1. HP: 13/13 MP: 6/6
     0 | D:1      | how tf do you ! something from your list of spells
     2 | D:1      | Learned a level 1 spell: Animate Skeleton
     4 | D:1      | Learned a level 1 spell: Shock
    29 | D:1      | ok but how tfffff
   133 | D:1      | Found a faded altar of an unknown god.
   254 | D:1      | Reached XP level 2. HP: 16/18 MP: 5/8
  1224 | D:2      | mmm
  1300 | D:2      | Noticed Terence
  1301 | D:2      | ew
  1307 | D:2      | Killed Terence
  1308 | D:2      | Reached XP level 3. HP: 20/22 MP: 1/10
  1561 | D:3      | Learned a level 3 spell: Conjure Flame
  1843 | D:3      | Found Yxojemm's Magic Scroll Emporium.
  2008 | D:3      | Reached XP level 4. HP: 17/27 MP: 6/12
  2084 | D:2      | Slain by an adder

Illustrated notes #####.....##### #...#....?#...# #.8.#.....#.8.# #...#..$..#...# #####.....##### ............... ............[.. .......@....... ............... ............... #####.....##### #...#.....#...# #.8.#.....#.8.# #...#.....#...# #####.....##### Turn 0 on D:1: how tf do you ! something from your list of spells # ######.#. #........ ###@)...... #..Z....... #.#######.. #.# #.# #.# #.### #...# .# #####.#.######... Turn 29 on D:1: ok but how tfffff #.#Z.######.# ##.#. .......# #.#. #..#.#.# ..#. #..#.#.# # ####. #..... # # .# ###. ....#.. ##.# ##.### #..( .#..#... .....####...... #.#. ...####.......g......#########.#. #... .## #@............>... ... #.#############.## .....##.#############.# ......................# .<..################### .. Turn 1224 on D:2: mmm

....###### #...#### ......)..#
.# #....... ..######.# .#
##.#.### ....# #.# #. #.#.# #
#.#.# #.# @. ..#.# # #.#.# #.#
.# ####.# # ....# #.# .#
###.### .#..####.### ###.###.#
#..(... .#.........####.@.....#
#.#.###
####..............#########.#.#
.#...##.##.##.............>...#
.#..##...#.##.#############.###
....#......##.#############.#
............................#
###.#..<..###################
....##...## #######.##


Turn 1301 on D:2: ew

Levels and vault maps discovered:
D:1:      minmay_arrival_glassed_features, layout_basic,
          ebering_ecumenical_altar_petrified, minmay_misc_feat_diagonals,
          minmay_distorted
D:2:      layout_loops_ring, uniq_terence
D:3:      cheibrodos_helix_gallery, layout_basic, lemuel_tele_altar,
          serial_shops, shop

Skill      XL: |  1  2 |
---------------+-------+-----
Conjurations   | 4 |  4.5
Spellcasting   | 4 |  4.3
Fighting       | |  2.4
Dodging        | |  1.2
Necromancy     | |  1.8

Action                   |  1- 3 |  4- 6 || total
-------------------------+-------+-------++-------
Melee: Dagger            |    16 |     1 ||    17
 Cast: Shock             |    68 |     5 ||    73
       Animate Skeleton  |    11 |     1 ||    12
       Conjure Flame     |     1 |     2 ||     3
  Use: Potion            |       |     1 ||     1
Armor: Robe              |     8 |     3 ||    11
Dodge: Dodged            |    18 |     7 ||    25
